Map: Jagannatha LE

Players

Babek

  • Race: Protoss Protoss
  • League: Platinum
  • Spawn Location: 1:00

Massa - Winner!

  • Race: Terran Terran
  • League: Platinum
  • Spawn Location: 7:00

VOD

Have the link to the VOD?

Description

Time

  • Played on: Oct. 22, 2020, 2:10 p.m.
  • Length: 10:49
Show
View Real Time Build Order
Export as new Build Order

Babek Protoss 

Build Orders: 1 Gate Expand 

Get SALT Encoding   

  12  0:00  Probe  
  13  0:17  Probe  
  14  0:22  Pylon  
  14  0:29  Probe  
  15  0:41  Probe (Chrono Boost)  
  16  0:44  Gateway  
  16  0:49  Assimilator  
  16  0:53  Probe (Chrono Boost)  
  17  1:00  Probe (Chrono Boost)  
  18  1:10  Probe (Chrono Boost)  
  19  1:15  Probe (Chrono Boost)  
  20  1:24  Probe  
  21  1:35  Nexus  
  21  1:42  Cybernetics Core  
  20  1:58  Probe  
  20  1:59  Pylon  
  21  2:03  Assimilator  
  21  2:10  Probe  
  22  2:21  Gateway  
  22  2:22  Probe  
  23  2:37  Shield Battery  
  23  2:38  Adept (Chrono Boost)  
  23  2:40  Warp Gate (Chrono Boost)  
  25  3:14  Adept  
  25  3:17  Probe x2  
  29  3:27  Pylon  
  29  3:29  Probe x2  
  31  3:41  Probe (Chrono Boost)  
  31  3:45  Probe (Chrono Boost)  
  33  3:53  Probe (Chrono Boost)  
  33  3:54  Stalker x2  
  39  3:56  Probe (Chrono Boost)  
  39  3:57  Probe (Chrono Boost)  
  40  4:03  Robotics Facility  
  40  4:06  Probe (Chrono Boost)  
  41  4:14  Probe (Chrono Boost), Gateway  
  42  4:18  Assimilator  
  42  4:23  Probe (Chrono Boost)  
  42  4:24  Probe (Chrono Boost)  
  44  4:29  Probe x2 (Chrono Boost)  
  46  4:40  Probe  
  46  4:42  Probe  
  48  4:52  Probe  
  49  5:05  Stalker x2  
  53  5:08  Pylon  
  53  5:17  Observer (Chrono Boost), Twilight Council  
  54  5:23  Gateway  
  54  5:27  Probe  
  54  5:28  Probe, Pylon  
  56  5:29  Pylon  
  56  5:30  Warp Prism (Chrono Boost)  
  56  5:34  Pylon  
  56  5:35  Assimilator  
  58  5:39  Probe  
  58  5:40  Probe  
  60  5:52  Stalker x3  
  66  5:59  Observer (Chrono Boost)  
  67  6:06  Forge  
  67  6:11  Forge  
  67  6:14  Forge  
  67  6:16  Immortal  
  71  6:19  Charge (Chrono Boost)  
  71  6:20  Probe  
  71  6:22  Dark Shrine  
  70  6:39  Stalker x4  
  58  6:54  Warp Prism  
  56  7:03  Stalker x4  
  64  7:18  Probe x2  
  64  7:20  Pylon  
  60  7:24  Pylon  
  60  7:30  Probe x2  
  62  7:38  Photon Cannon  
  62  7:42  Probe x2  
  64  7:44  Photon Cannon  
  64  7:45  Observer  
  64  7:52  Blink (Chrono Boost)  
  64  7:54  Probe x2  
  66  7:59  Photon Cannon  
  66  8:03  Photon Cannon  
  66  8:06  Probe x2  
  68  8:18  Probe x2  
  70  8:30  Probe x2, Dark Templar x3  
  70  8:31  Dark Templar  
  72  9:22  Gateway  
  72  9:24  Gateway  
  72  9:27  Gateway  
  72  9:32  Pylon  
  72  9:38  Gateway  
  72  9:39  Pylon  
  72  9:42  Photon Cannon  
  72  9:51  Nexus  
  60  9:53  Assimilator  
  60  9:59  Dark Templar x4  
  55  10:17  Dark Templar  
  53  10:24  Zealot x2  
  51  10:33  Zealot x2  
  47  10:42  Zealot  
Show
View Real Time Build Order
Export as new Build Order

Massa Terran - Winner!

Build Orders: Gas First Reaper Expand 

Get SALT Encoding   

  12  0:01  SCV  
  13  0:13  SCV  
  14  0:21  Supply Depot  
  14  0:25  SCV  
  15  0:34  Refinery  
  15  0:43  SCV  
  15  0:45  Barracks  
  16  0:55  SCV  
  17  1:07  SCV  
  18  1:19  SCV  
  20  1:37  Orbital Command  
  19  1:46  Command Center  
  19  1:50  Reaper  
  20  2:02  SCV  
  20  2:07  Refinery  
  21  2:17  Factory  
  21  2:24  Marine  
  21  2:29  Supply Depot  
  22  2:30  SCV  
  23  2:51  SCV  
  24  3:03  SCV  
  25  3:11  Barracks Reactor  
  24  3:15  Orbital Command  
  24  3:17  SCV  
  25  3:23  Factory Tech Lab, Engineering Bay  
  25  3:27  Starport  
  25  3:29  SCV  
  26  3:37  Supply Depot  
  26  3:41  SCV  
  26  3:43  SCV  
  26  3:44  Siege Tank  
  26  3:46  Marine  
  26  3:47  Marine  
  33  3:53  SCV  
  33  3:55  SCV, Missile Turret  
  35  4:04  Marine x2  
  35  4:05  SCV, Medivac  
  35  4:07  SCV  
  41  4:16  Siege Tank  
  44  4:17  SCV  
  44  4:19  SCV  
  44  4:22  Marine x2  
  48  4:24  Missile Turret  
  48  4:28  Refinery  
  48  4:29  SCV  
  50  4:31  SCV  
  50  4:35  Liberator  
  53  4:40  Marine  
  53  4:45  Supply Depot  
  54  4:48  Supply Depot  
  54  4:51  Supply Depot  
  54  5:05  Barracks  
  54  5:06  SCV x2, Marine x2  
  54  5:07  Widow Mine  
  60  5:18  Medivac  
  60  5:19  SCV x2  
  64  5:22  Refinery  
  64  5:24  Marine  
  64  5:26  Missile Turret  
  64  5:28  Widow Mine, Armory  
  67  5:34  Marine  
  68  5:42  Marine, Command Center  
  69  5:51  Marine, Missile Turret  
  69  5:52  Supply Depot  
  70  6:04  Marine  
  70  6:07  Siege Tank  
  70  6:09  Marine  
  70  6:10  Barracks Tech Lab  
  75  6:11  Medivac  
  77  6:22  Marine  
  72  6:59  Stimpack  
  72  7:00  Marauder  
  72  7:01  Marine x2  
  71  7:19  Marine x2  
  71  7:21  Marauder  
  75  7:36  Missile Turret  
  75  7:37  Marine x2, Siege Tank  
  75  7:43  Marauder, Command Center  
  82  8:02  Terran Infantry Weapons Level 1  
  82  8:04  Marauder  
  84  8:06  Engineering Bay  
  84  8:07  Terran Vehicle Weapons Level 1  
  84  8:09  Marine x2, Siege Tank  
  89  8:12  Orbital Command  
  89  8:14  SCV x2  
  91  8:26  SCV x2, Marauder  
  95  8:27  Marine x2  
  95  8:34  Missile Turret  
  97  8:38  SCV x2  
  99  8:45  Marine, Siege Tank  
  100  8:50  SCV  
  100  8:52  Marauder  
  101  8:57  Missile Turret  
  101  9:08  Supply Depot  
  101  9:09  Supply Depot  
  101  9:11  Medivac, Supply Depot  
  101  9:12  Orbital Command  
  101  9:13  Marauder, Missile Turret  
  101  9:15  SCV x3  
  108  9:23  Missile Turret  
  108  9:27  SCV x3  
  108  9:29  Marine  
  112  9:34  Marauder, Supply Depot  
  112  9:35  Missile Turret  
  114  9:39  SCV x3  
  114  9:41  Medivac  
  114  9:43  Missile Turret  
  117  9:56  Marauder  
  119  10:04  Missile Turret  
  118  10:17  Marauder  
  120  10:25  Missile Turret  
Tags
 
Add a new tag
Caveats
  • Supply blocks, unpowered buildings, or Contaminate may cause inaccurate times.
  • Supply counts are checked every 10 seconds.